[Event "*** Titled Tuesday Blitz"]
[Site "Chess.com"]
[Date "2021.02.09"]
[Round "11"]
[White "Pogosian_Manvel"]
[Black "Shuvalov"]
[Result "1-0"]
[WhiteElo "2413"]
[BlackElo "2482"]
[TimeControl "180+1"]
[EndTime "12:09:18 PST"]
[Termination "Pogosian_Manvel won by checkmate"]

1. d4 Nf6 2. Nf3 g6 3. g3 Bg7 4. Bg2 O-O 5. O-O d5 6. b3 c5 7.
Bb2 Ne4 8. Nbd2 Nc6 9. e3 Bg4 10. h3 Nxd2 11. Qxd2 Bf5 12. c3 cxd4 13. Nxd4 Bd7 14.
Rfd1 e6 15. Rac1 Qa5 16. a3 Rfd8 17. b4 Qb6 18. c4 dxc4 19. Rxc4 Be8 20. Qc1 Ne5 21.
Rc5 a5 22. bxa5 Rxa5 23. Rxa5 Qxa5 24. Qa1 Nc4 25. Bc3 Qxa3 26. Qxa3 Nxa3 27. Bxb7 e5 28. Ba5 Rb8 29. Nc6 Rxb7 30. Rd8 Bf6 31. Rxe8+ Kg7 32. Bb4 g5 33. Bxa3 Kg6 34. Kg2 Rc7 35. Nxe5+ Kf5 36. Ng4 h5 37. e4+ Kg6 38. Nxf6 Kxf6 39. Bd6 Rd7 40.
Be5+ Kg6 41. Rg8+ Kh6 42. Bf6 g4 43. hxg4 hxg4 44. Rxg4 Rd6 45. Be5 Re6 46. Bf4+ Kh7 47. e5 Re7 48. Rh4+ Kg6 49. g4 Rd7 50. f3 Rd3 51. Kg3 Rb3 52. Rh6+ Kg7 53. Rd6 Rb1 54. Bg5 Re1 55. Bf6+ Kg6 56. Rd8 Rg1+ 57. Kf4 Re1 58. Rg8+ Kh6 59. Rg7 Re4+ 60. Kg3 Re3 61. Rxf7 Kg6 62.
Rg7+ Kh6 63. Bg5+ Kxg7 64. Bxe3 Kg6 65. f4 Kf7 66. f5 Ke7 67. Kf4 Kd7 68. e6+ Kc6 69.
Bd4 Kd6 70. g5 Kd5 71. Be5 Kc4 72. g6 Kd3 73. g7 Ke2 74. g8=Q Kf1 75. f6 Ke2 76. f7 Kd1 77. f8=Q Kc2 78. e7 Kd1 79. e8=Q Ke2 80. Qc4+ Kf2 81. Bd4+ Kg2 82. Qee2+ Kh3 83. Qh6# 1-0

[Event "*** Titled Tuesday Blitz"]
[Site "Chess.com"]
[Date "2021.02.09"]
[Round "11"]
[White "Taran2004"]
[Black "bugsbunny444"]
[Result "0-1"]
[WhiteElo "2463"]
[BlackElo "2590"]
[TimeControl "180+1"]
[EndTime "12:09:19 PST"]
[Termination "bugsbunny444 won by resignation"]

1. Nf3 d5 2. g3 Nc6 3. d4 Bf5 4.
Bg2 Nb4 5. Na3 e6 6. c3 Nc6 7. Nc2 Be4 8. O-O Nf6 9. Bf4 Bd6 10. Bxd6 Qxd6 11. Ne3 O-O 12. Ng5 Bxg2 13. Kxg2 Rfe8 14. Qc2 h6 15. Nf3 e5 16. Nf5 Qd7 17. dxe5 Nxe5 18.
Nxe5 Rxe5 19. Nd4 Rae8 20. Rfe1 c5 21. Nf3 Re4 22. Rad1 Qf5 23. Nd2 Rf4 24. Qxf5 Rxf5 25. Nf3 g5 26. h3 h5 27. e3 g4 28. hxg4 hxg4 29. Nh4 Rfe5 30. Rd2 Ne4 31. Rd3 c4 32. Rd4 f5 33. Ng6 R5e6 34. Nf4 Re5 35. Nxd5 Kf7 36. Nf4 b5 37. Red1 Nc5 38. Rd5 R8e7 39. Rxe5 Rxe5 40.
Kf1 Na4 41. Rd2 Re7 42. Ke2 Ke8 43. Rc2 Rd7 44. b3 Nb6 45. Ne6 Ke7 46. Nd4 Rd5 47.
Rd2 Kf6 48. Nc6 Rxd2+ 49. Kxd2 a6 50. Nb4 a5 51. Nc6 cxb3 52. axb3 a4 53. bxa4 bxa4 54. Kc2 Ke6 55. Nd4+ Ke5 56. Kd3 a3 57. Nc6+ Kd5 58. Nb4+ Ke5 59. Kc2 Ke4 60. Nc6 Kf3 61. Nd4+ Kxf2 62.
Nxf5 Nc4 63. e4 a2 64. Nd6 a1=Q 65. Nxc4 Qa2+ 66. Kd3 Kxg3 67. Nd2 Kh2 68. e5 Qd5+ 69. Ke3 Qxe5+ 70. Kd3 Kh3 71. Nc4 Qf5+ 72. Ke2 Qf3+ 73. Kd2 Qf2+ 74. Kd3 Qf1+ 75. Kd4 g3 76. Ne3 Qf4+ 77.
Kd3 g2 78. Nxg2 Kxg2 79. c4 Kf3 80. Kc3 Ke4 81. Kb4 Ke5 82. Kb5 Kd6 83. c5+ Kc7 84. c6 Qd6 85. Kc4 Qxc6+ 86. Kd4 Qb5 87. Ke4 Qc5 0-1

[Event "*** Titled Tuesday Blitz"]
[Site "Chess.com"]
[Date "2021.02.09"]
[Round "11"]
[White "bsnsun"]
[Black "sokidze"]
[Result "0-1"]
[WhiteElo "2442"]
[BlackElo "2538"]
[TimeControl "180+1"]
[EndTime "12:09:20 PST"]
[Termination "sokidze won by checkmate"]

1. d4 Nf6 2. c4 e6 3. Nc3 Bb4 4. Qc2 d5 5. a3 Bxc3+ 6. Qxc3 O-O 7. Bg5 dxc4 8. Qxc4 b6 9. Nf3 Ba6 10. Qc2 Nbd7 11. g3 h6 12. Bf4 Nd5 13. Bd2 c5 14. Bg2 cxd4 15. Nxd4 Rc8 16. Qd1 Qf6 17. Nf3 Qxb2 18.
O-O Nc5 19. Re1 Rfd8 20. Qc1 Qf6 21. Qb1 Nc3 22. Bxc3 Qxc3 23. Qb4 Nb3 24. Rab1 Qxb4 25. axb4 Bc4 26. Ne5 Nd4 27. e3 Nf5 28. Nc6 Rd7 29. b5 Bd5 30. Bxd5 exd5 31. Ra1 Rcc7 32. Red1 Kf8 33. Ne5 Rd6 34. Nc6 Ne7 35. Nxa7 Rdd7 36. Nc6 Nxc6 37. bxc6 Rxc6 38. Ra8+ Ke7 39. Rg8 g6 40.
Rh8 h5 41. h3 Rb7 42. g4 hxg4 43. hxg4 Rd6 44. Rc8 b5 45. Rb1 b4 46. Rb3 Ra6 47.
Rc1 Ra3 48. Rcb1 Rxb3 49. Rxb3 Kd6 50. Kf1 Kc5 51. Ke2 Kc4 52. Rb1 b3 53. Kd2 d4 54.
Rc1+ Kd5 55. Kd3 dxe3 56. Kxe3 b2 57. Rb1 Kc4 58. Kd2 Kb3 59. Ke3 Kc2 60. Re1 b1=Q 61. Rxb1 Kxb1 62. Kf4 Kc2 63. Kg5 Kd3 64. f4 Ke4 65. f5 gxf5 66. gxf5 Rb5 67. Kh6 Rxf5 68. Kg7 Rf1 69. Kh6 f5 70. Kg5 f4 71. Kh4 Rg1 72. Kh3 Rg8 73. Kh2 f3 74. Kh3 f2 75. Kh2 Kf4 76. Kh3 f1=Q+ 77. Kh4 Qh1# 0-1

[Event "*** Titled Tuesday Blitz"]
[Site "Chess.com"]
[Date "2021.02.09"]
[Round "11"]
[White "esrosenberg"]
[Black "Das_Virus_2020"]
[Result "0-1"]
[WhiteElo "2099"]
[BlackElo "2442"]
[TimeControl "180+1"]
[EndTime "12:09:24 PST"]
[Termination "Das_Virus_2020 won by checkmate"]

1. Nf3 Nf6 2. c4 c5 3. g3 b6 4. Bg2 Bb7 5. O-O d6 6. Nc3 Nbd7 7. d4 cxd4 8. Qxd4 a6 9. e4 e6 10. Bg5 Be7 11. Rad1 Qc7 12. Rfe1 Ne5 13. Nxe5 dxe5 14. Qd3 O-O 15. Bxf6 Bxf6 16. Qd7 Rac8 17. Qxc7 Rxc7 18. b3 b5 19. Bf1 Be7 20. Re3 Bc5 21. Red3 bxc4 22.
bxc4 Bd4 23. Rxd4 exd4 24. Rxd4 Rfc8 25. f4 g6 26. e5 Kf8 27. Kf2 Ke7 28. Ke3 Rd8 29.
Rxd8 Kxd8 30. Kd4 Rd7+ 31. Ke3 Kc7 32. c5 Rd8 33. a4 Rb8 34. a5 Bc6 35. Bxa6 Ra8 36.
Bb5 Rxa5 37. Bxc6 Kxc6 38. Ne4 h6 39. Nd6 Rxc5 40. Nxf7 Kd5 41. Nxh6 Rc3+ 42. Kf2 Ke4 43. Kg2 Rc7 44. Ng4 Rc2+ 45. Kh3 Rc7 46. Nf6+ Kf5 47. Kg2 g5 48. Kf3 Rc3+ 49. Kf2 gxf4 50. gxf4 Kxf4 51.
h4 Kxe5 52. Nd7+ Kf4 53. h5 Rh3 54. Nf6 Kg5 55. Ne4+ Kxh5 56. Ng3+ Kg4 57. Ne4 Ra3 58. Nf6+ Kf5 59. Nh5 e5 60. Ng3+ Kf4 61. Nh5+ Ke4 62. Nf6+ Kf5 63. Nd5 e4 64. Ne3+ Kf4 65. Nd5+ Ke5 66.
Ne3 Ra2+ 67. Kg3 Kd4 68. Nf5+ Kd3 69. Kf4 Rf2+ 70. Kg4 Rxf5 71. Kxf5 e3 72. Kf4 e2 73.
Kf3 e1=Q 74. Kg2 Qe3 75. Kf1 Ke4 76. Kg2 Kf4 77. Kh1 Kg4 78. Kg2 Qd2+ 79. Kf1 Kf3 80. Kg1 Qg2# 0-1

[Event "*** Titled Tuesday Blitz"]
[Site "Chess.com"]
[Date "2021.02.09"]
[Round "11"]
[White "Goryachkina"]
[Black "lelajavakhishvili"]
[Result "1/2-1/2"]
[WhiteElo "2657"]
[BlackElo "2500"]
[TimeControl "180+1"]
[EndTime "12:09:26 PST"]
[Termination "Game drawn by repetition"]

1. e4 c5 2. Nf3 e6 3. c3 Nf6 4.
e5 Nd5 5. Bc4 d6 6. d4 cxd4 7. cxd4 Nc6 8. O-O Be7 9. Bxd5 exd5 10. Bf4 dxe5 11. Nxe5 Nxe5 12. Bxe5 O-O 13. Nc3 f6 14.
Bf4 Be6 15. Re1 Bf7 16. Qb3 Qd7 17. Re3 Rfc8 18. Rae1 Bf8 19. h3 Rc4 20. Qd1 Rac8 21. Rg3 b5 22. h4 b4 23. Na4 Qf5 24. Be3 Qc2 25. Nc5 Qxd1 26. Rxd1 Rc2 27. Rd2 Rc1+ 28. Kh2 Bd6 29. f4 Rf1 30. Rf3 Rxf3 31. gxf3 a5 32. Kg3 h5 33. Kf2 Kh7 34. Rd1 Bg6 35. Rc1 Bf5 36.
Nb7 Rxc1 37. Bxc1 Bc7 38. a3 bxa3 39. bxa3 Kg6 40. Bd2 a4 41. Nc5 Bc2 42. Be3 Kf5 43.
Kg3 g5 44. hxg5 fxg5 45. Kf2 gxf4 46. Bd2 Bd8 47. Bb4 Bf6 48. Bc3 Bd1 49. Kg2 h4 50.
Nd7 Be7 51. Nc5 h3+ 52. Kxh3 Bxf3 53. Bb4 Bd1 54. Kg2 f3+ 55. Kg3 Bd6+ 56. Kf2 Kg4 57. Nd3 Bg3+ 58. Ke3 Be2 59. Ne5+ Bxe5 60. dxe5 Kf5 61.
Bc3 Ke6 62. Bd4 Kd7 63. Kd2 Bf1 64. Kc3 Ke6 65. Kd2 Bh3 66. Ke3 Bg4 67. Kd2 Bf5 68. Ke3 Bg4 69. Kd2 Kd7 70. Ke3 Kc6 71. Kd2 Kb5 72. Kc3 Be6 73. Ba7 Ka6 74. Bd4 Kb5 75. Ba7 Bf5 76. Bd4 Be4 77. Ba7 Kc6 78. Bd4 Kd7 79. Kd2 Ke6 80. Ke3 Kf5 81. Kf2 Ke6 82. Ke3 Bc2 83. Kd2 Be4 84. Ke3 1/2-1/2

[Event "*** Titled Tuesday Blitz"]
[Site "Chess.com"]
[Date "2021.02.09"]
[Round "11"]
[White "Heineccius"]
[Black "federicosellitti"]
[Result "1/2-1/2"]
[WhiteElo "2562"]
[BlackElo "2463"]
[TimeControl "180+1"]
[EndTime "12:09:59 PST"]
[Termination "Game drawn - timeout vs insufficient material"]

1. d4 d5 2. c4 Nc6 3. e3 e5 4. dxe5 d4 5. a3 Nge7 6. Nf3 Bg4 7.
Be2 d3 8. Qxd3 Qxd3 9. Bxd3 Bxf3 10. gxf3 Nxe5 11. Be2 O-O-O 12. Nc3 g6 13. f4 Nd3+ 14. Bxd3 Rxd3 15. Ke2 Rd6 16. Bd2 Bg7 17. Rhd1 Rhd8 18. Be1 Nf5 19. c5 Rxd1 20. Rxd1 Re8 21. Kf3 h5 22.
Rd3 Nh4+ 23. Kg3 Nf5+ 24. Kh3 c6 25. Bd2 Nh6 26. Kg2 Ng4 27. f3 Nh6 28. Ne4 Nf5 29. b4 b6 30. Kf2 Bf8 31. cxb6 axb6 32. Bc3 Re7 33. Ng5 Ra7 34. Bf6 Rd7 35. Rxd7 Kxd7 36. e4 Nd6 37. Bd4 Nc4 38. Nxf7 Nxa3 39. Ne5+ Kc7 40.
Nxg6 Bxb4 41. f5 c5 42. Be3 c4 43. f6 c3 44. f7 c2 45. f8=Q Bxf8 46. Nxf8 Nc4 47.
Bc1 b5 48. Ke2 b4 49. Kd3 Ne5+ 50. Kxc2 Nxf3 51. Ne6+ Kd6 52. Nf4 Ke5 53. Nxh5 Nxh2 54. Bf4+ Kxe4 55. Bxh2 Kd4 56. Kb3 Kc5 57. Nf4 Kd4 58.
Ne2+ Ke3 59. Nc1 Kd4 60. Na2 Ke4 61. Bg1 Kd3 62. Nxb4+ Ke4 63. Kc3 Ke5 64. Kd3 Kf5 65.
Be3 Ke5 66. Nc6+ Kd5 67. Nd4 Kc5 68. Ke4 Kd6 69. Nb3 Kc6 70. Kd4 Kd6 71. Nc5 Kc6 72. Kc4 Kd6 73. Bf4+ Kc6 74. Kd4 Kb5 75. Kd5 Kb6 76. Bd6 Kb5 77. Nd3 Kb6 78. Ne5 Kb5 79. Nc4 Ka4 80. Kc5 Kb3 81. Kd4 Ka4 82. Bc5 Kb5 83. Kd5 Ka4 84. Na3 Ka5 85. Kd4 Ka6 86.
Kc4 Kb7 87. Kd5 Kc7 88. Bd6+ Kb7 89. Nc4 Ka6 90. Kc6 Ka7 91. Bc7 Ka6 92. Nd6 Ka7 93. Nb5+ Ka6 94. Bd6 Ka5 95. Kc5 Ka6 1/2-1/2

[Event "*** Titled Tuesday Blitz"]
[Site "Chess.com"]
[Date "2021.02.09"]
[Round "11"]
[White "csati17"]
[Black "Adham_Fawzy"]
[Result "0-1"]
[WhiteElo "2597"]
[BlackElo "2785"]
[TimeControl "180+1"]
[EndTime "12:10:02 PST"]
[Termination "Adham_Fawzy won by resignation"]

1. c4 c5 2. g3 Nc6 3. Bg2 e5 4. Nc3 g6 5. e3 Bg7 6. Nge2 Nge7 7. O-O O-O 8. a3 d6 9. d3 a6 10. Rb1 Rb8 11. b4 cxb4 12. axb4 b5 13. cxb5 axb5 14.
d4 Bf5 15. e4 exd4 16. exf5 dxc3 17. fxg6 hxg6 18. Bg5 Qc7 19. Qd3 Nf5 20. Nxc3 Nxb4 21. Rxb4 Qxc3 22. Qb1 Nd4 23. Be7 Rfe8 24. Bxd6 Rbd8 25.
Bf4 Bf8 26. Rb2 Ba3 27. Rxb5 Nxb5 28. Qxb5 Bc5 29. Qc6 Re1 30. Be3 Rxf1+ 31. Bxf1 Bd4 32. Qxc3 Bxc3 33. Kg2 Bd4 34. Bf4 Kg7 35. Kf3 Rc8 36. Be3 Rc3 37. h4 f5 38. Bb5 Kf6 39. Ba4 Ra3 40.
Bd7 Bxe3 41. fxe3 Ra1 42. g4 fxg4+ 43. Bxg4 Rf1+ 44. Kg3 Rg1+ 45. Kf4 Rb1 46. Bf3 Rb4+ 47. e4 Rc4 48. h5 g5+ 49. Kg4 Rc3 50. Be2 Re3 51. Bf3 Rc3 52. Be2 Rc2 53. Bf3 Rc4 54. Kg3 Rd4 55. Kg4 Rb4 56. h6 Kg6 57. h7 Rb8 58. e5 Kxh7 59. Kxg5 Kg7 60. Kf5 Kf7 61.
Bd5+ Ke7 62. Ke4 Rb4+ 63. Kf5 Rb5 64. Be4 Ra5 65. Bd3 Ra3 66. Be4 Rc3 67. Kf4 Ke6 68. Bf5+ Kd5 69. Be4+ Kd4 70. Kf5 Re3 71. Bc6 Rxe5+ 72. Kf4 Rc5 73. Bd7 Rc7 74. Be6 Re7 75. Kf5 Kc5 76. Bb3 Kd6 77. Kf4 Re5 78. Bc2 Rc5 79. Be4 Ke6 80. Bd3 Rc3 81. Ke4 Kd6 82. Kd4 Ra3 83. Ke4 Ra4+ 84. Kf5 Kd5 85. Be2 Ra3 86.
Bg4 Re3 87. Kf4 Kd4 88. Bf5 Re1 89. Kg5 Ke5 90. Kg6 Rg1+ 0-1

[Event "*** Titled Tuesday Blitz"]
[Site "Chess.com"]
[Date "2021.02.09"]
[Round "11"]
[White "Aslanov_Umid"]
[Black "Legendinunknown"]
[Result "1/2-1/2"]
[WhiteElo "2390"]
[BlackElo "2603"]
[TimeControl "180+1"]
[EndTime "12:10:11 PST"]
[Termination "Game drawn by 50-move rule"]

1. e4 e5 2. Nf3 Nc6 3. Bc4 Nf6 4. O-O Nxe4 5. Re1 d5 6. Bb5 Bc5 7. d4 exd4 8. Nbd2 O-O 9. Nxe4 dxe4 10. Rxe4 Bf5 11. Bxc6 bxc6 12. Re5 Bxc2 13. Qxc2 Bd6 14. Rh5 g6 15. Rh6 c5 16. Bg5 f6 17. Rxg6+ Kh8 18. Rh6 d3 19. Qc3 Kg7 20. Nh4 Be5 21. Nf5+ Kh8 22.
Qxe5 fxe5 23. Bxd8 Rxf5 24. Bxc7 Rc8 25. Rc6 Kg8 26. Rd1 e4 27. Kf1 Rf7 28. f3 exf3 29. gxf3 Rxf3+ 30. Ke1 Rf7 31. Rxc5 Rcxc7 32. Rxc7 Rxc7 33.
Rxd3 Kf7 34. Kd2 Ke6 35. b4 Rf7 36. Kc3 Rf2 37. Rh3 Rxa2 38. Rxh7 Kd5 39. Rh5+ Kc6 40. h4 Kb6 41. Rh6+ Kb5 42. Rh5+ Kb6 43. Rh8 Rh2 44. h5 Kb5 45. Rb8+ Ka4 46. Rh8 Rh4 47. h6 Rxb4 48. Rc8 Rb3+ 49. Kd4 Rh3 50. Rh8 a5 51. Ke4 Ka3 52. Kf4 a4 53. h7 Rh1 54. Ke3 Ka2 55.
Ra8 Rxh7 56. Rxa4+ Kb3 57. Rf4 Rh3+ 58. Rf3 Rh7 59. Kf4+ Kc4 60. Kg4 Kd4 61. Rh3 Rg7+ 62. Kf3 Rf7+ 63. Ke2 Ra7 64. Rh4+ Ke5 65. Rb4 Ra3 66.
Kd2 Rg3 67. Rh4 Rg2+ 68. Ke3 Rg3+ 69. Kf2 Ra3 70. Rh5+ Kf4 71. Rh4+ Kg5 72. Rb4 Kf5 73. Ke2 Ke5 74. Kd2 Kd5 75. Kc2 Rg3 76. Rb3 Rg2+ 77. Kc3 Rg3+ 78. Kb4 Rg8 79. Rd3+ Ke4 80. Rc3 Rb8+ 81.
Ka3 Kd4 82. Rb3 Rc8 83. Kb2 Re8 84. Rb4+ Kd3 85. Rb3+ Kd2 86. Rb7 Rd8 87. Rb6 Rd5 88. Kb3 Rd4 89. Rb4 Rd3+ 90. Kc4 Rc3+ 91. Kd4 Rc8 92.
Rb2+ Kc1 93. Rb5 Rd8+ 94. Kc4 Kc2 95. Rd5 Rh8 96. Rc5 Rh4+ 97. Kb5+ Kb3 98. Rg5 Rb4+ 99. Kc6 Rc4+ 100. Rc5 Rh4 101. Rb5+ Kc4 102. Rd5 Rh6+ 103. Rd6 Rh5 104. Re6 Rc5+ 105. Kd7 Rh5 106. Rd6 1/2-1/2

[Event "*** Titled Tuesday Blitz"]
[Site "Chess.com"]
[Date "2021.02.09"]
[Round "11"]
[White "KingCyber19"]
[Black "BvsN"]
[Result "1/2-1/2"]
[WhiteElo "2546"]
[BlackElo "2341"]
[TimeControl "180+1"]
[EndTime "12:10:11 PST"]
[Termination "Game drawn by repetition"]

1. d4 d5 2. c4 c6 3. Nc3 Nf6 4. Nf3 e6 5. g3 dxc4 6. Bg2 Nbd7 7. O-O Bb4 8. a4 Qe7 9. Nd2 e5 10. Nxc4 exd4 11. Qxd4 Bc5 12. Qd1 O-O 13. Bf4 Nb6 14.
Nxb6 axb6 15. Qc2 Be6 16. Rad1 Rfd8 17. Rxd8+ Rxd8 18. Rd1 Rxd1+ 19. Nxd1 Nd5 20. Bd2 Qd7 21. a5 h6 22. e4 Nf6 23. axb6 Bxb6 24. Be3 Bxe3 25.
Nxe3 Qd4 26. h3 c5 27. Nf5 Bxf5 28. exf5 b5 29. Bf1 c4 30. b3 cxb3 31. Qxb3 b4 32. Bc4 Qa1+ 33. Kg2 Qa8+ 34. Kh2 Qb7 35. Qa4 Nd7 36.
Qd1 Ne5 37. Qd8+ Kh7 38. Bd5 Qd7 39. Qxd7 Nxd7 40. Bxf7 Nc5 41. Kg2 b3 42. Kf1 Ne4 43. Bg6+ Kg8 44. f6 Nxf6 45. Ke1 Nd5 46. Kd2 Nb4 47. Kc3 Nd5+ 48. Kxb3 Kf8 49. Kc4 Ne7 50. Bc2 Kf7 51. Kd4 Kf6 52. Ke4 Nc8 53. Bb3 Ne7 54. Bd5 Nc8 55. f4 Nd6+ 56. Kd4 Nf5+ 57. Ke4 Nxg3+ 58.
Kf3 Nf5 59. Be4 Ne7 60. Bd3 Nf5 61. Kg4 Ne3+ 62. Kf3 Nd5 63. Be4 Ne7 64. Kg4 g6 65.
h4 h5+ 66. Kf3 Nf5 67. Bd3 Nxh4+ 68. Kg3 Nf5+ 69. Kf3 Ng7 70. Kg3 Ne6 71. Kf3 Nd4+ 72. Ke4 Nf5 73. Kf3 Kg7 74. Bc4 Kh6 75. Bd3 h4 76. Kg4 Kg7 77. Bxf5 gxf5+ 78. Kxh4 Kh6 79. Kg3 Kg6 80. Kh3 Kh6 81. Kh4 Kg6 82. Kg3 Kh6 83. Kh4 Kg6 84. Kg3 Kh6 85. Kf3 Kg6 86. Ke3 Kh5 87. Kd4 Kg6 88. Ke5 Kg7 89. Kxf5 Kf7 90. Kg5 Kg7 91. Kf5 Kf7 92. Ke5 Ke7 93. f5 Kf7 94. Ke4 Kf6 95. Kf4 Kf7 96. Kg5 Kg7 97. f6+ Kf7 98. Kf5 Kf8 99. Kg6 Kg8 100. Kh5 Kf7 101. Kg5 Kf8 102. Kg6 Kg8 103. Kf5 Kf7 104. Ke5 Kf8 105. Ke6 Ke8 106. Kd5 Kf7 107. Ke5 Kf8 108. Kf5 Kf7 109. Kg5 Kf8 110. Kh6 Kf7 111. Kg5 1/2-1/2

[Event "*** Titled Tuesday Blitz"]
[Site "Chess.com"]
[Date "2021.02.09"]
[Round "11"]
[White "enriquetejedor"]
[Black "RobertoJBM"]
[Result "0-1"]
[WhiteElo "2553"]
[BlackElo "2727"]
[TimeControl "180+1"]
[EndTime "12:11:52 PST"]
[Termination "RobertoJBM won by checkmate"]

1. e4 c6 2. Nc3 d5 3. Nf3 dxe4 4. Nxe4 Bg4 5. b3 Nd7 6. Bb2 Ngf6 7. Ng3 e6 8. h3 Bxf3 9. Qxf3 Qa5 10. a3 O-O-O 11. b4 Qd5 12. Be2 Bd6 13. Qe3 Be5 14. c4 Qd6 15. d4 Bf4 16. Qf3 Rhe8 17. O-O Bh6 18. Ne4 Qf4 19. Qxf4 Bxf4 20. Bf3 Nxe4 21. Bxe4 g6 22.
Rfd1 Bg5 23. g3 Bf6 24. c5 Bh8 25. a4 Nf6 26. Bf3 Nd5 27. b5 Rd7 28. a5 a6 29.
bxc6 bxc6 30. Rab1 Rb7 31. Be2 Nc7 32. Ba1 Nb5 33. f4 Rd8 34. Kf2 Rbd7 35. Bxb5 cxb5 36. Ke3 Kc7 37. Rd3 Kc6 38. Ke4 Rd5 39. Bc3 R8d7 40. Rbd1 Bf6 41. Ke3 h5 42. h4 Be7 43. Ke4 Bd8 44. Bb4 Bc7 45. Bc3 Rd8 46. Bb4 Rb8 47. Bc3 b4 48. Be1 Bxa5 49. Ra1 Kb5 50. Rdd1 Bc7 51.
Bxb4 Kxb4 52. Rdb1+ Kc4 53. Rc1+ Kb5 54. Rcb1+ Kc6 55.
Rxa6+ Kd7 56. Rxb8 Bxb8 57. Ra8 Bc7 58. Rf8 Ke7 59. Rc8 Ba5 60. Ra8 Bc3 61. Ra7+ Rd7 62. Ra4 Rc7 63. Rc4 Be1 64. Kf3 Kd7 65. Rc1 Ba5 66. Ra1 Bc3 67. Rc1 Bxd4 68. Rd1 Rxc5 69. Rxd4+ Ke7 70. Ra4 Rc3+ 71. Kg2 Kf6 72. Ra7 Rd3 73.
Rb7 Rd5 74. Ra7 Rd6 75. Rb7 Rd8 76. Ra7 Rb8 77. Rc7 Rf8 78. Rc3 Kf5 79. Kf3 f6 80.
Rb3 Rd8 81. Rb5+ Rd5 82. Rb3 Rd4 83. Rc3 Rb4 84. Rd3 Rb5 85. Rc3 e5 86. fxe5 fxe5 87.
Rc8 Rb3+ 88. Kg2 Rd3 89. Rf8+ Kg4 90. Rf6 Rxg3+ 91. Kf2 Kxh4 92. Re6 Rg5 93. Rb6 Kg4 94. Ke3 Kf5 95. Rb8 Rg3+ 96. Kf2 h4 97. Rf8+ Kg4 98. Re8 Rf3+ 99. Kg2 Rf5 100. Rg8 g5 101. Rb8 e4 102. Rb4 Rf4 103. Rc4 e3 104. Rc3 Re4 105. Kf1 Kf3 106. Rc8 g4 107. Rf8+ Kg3 108. Rh8 h3 109. Ke2 Kg2 110. Rb8 h2 111. Kd3 e2 112. Kxe4 e1=Q+ 113. Kf5 g3 114. Kg6 Qf2 115. Rb2 Qxb2 116. Kf5 Qf2+ 117. Kg4 h1=Q 118. Kg5 Qhg1 119. Kg6 Qgf1 120. Kg5 Kg1 121. Kg4 Q2e1 122. Kh4 Kf2 123. Kg4 Ke2 124. Kh4 Kd1 125. Kg4 Kd2 126. Kh4 Kc1 127. Kg4 Kc2 128. Kh4 Kb1 129. Kg4 Kb2 130. Kh4 Ka1 131. Kg4 Ka2 132. Kh4 Ka3 133. Kg4 Qa1 134. Kh4 Qa2 135. Kg4 Qb3 136. Kh4 Qfb1 137. Kg4 Q1b2 138. Kh4 g2 139. Kg4 Ka2 140. Kh4 g1=Q 141. Kh5 Qbh2# 0-1